 Dungeon Crawl Stone Soup version 0.28-a0-906-g0406aca7d3 (webtiles) character file.

Game seed: 8434125625652969424

1010 lunkers the Fighter (level 8, -6/88 HPs)
             Began as an Ogre Cinder Acolyte on Nov 24, 2021.
             Was a High Priest of Ignis.
             Mangled by a troll (14 damage)
             ... on level 5 of the Dungeon.
             The game lasted 00:06:28 (5322 turns).

lunkers the Fighter (Ogre Cinder Acolyte)           Turns: 5322, Time: 00:06:29

Health: -6/88      AC:  3    Str: 19    XL:     8   Next: 21%
Magic:  0/11       EV:  9    Int: 17    God:    Ignis [*****.]
Gold:   263        SH:  0    Dex:  4    Spells: 9/11 levels left

rFire   + . .      SeeInvis .   a - +0 mace (flame)
rCold   . . .      Faith    .   (no shield)
rNeg    . . .      Spirit   +   b - +0 robe
rPois   .          Reflect  .   (helmet restricted)
rElec   .          Harm     .   (no cloak)
rCorr   .          Rampage  .   (gloves unavailable)
Will    .....                   (boots unavailable)
Stlth   +.........              n - amulet of guardian spirit
HPRegen 0.24/turn               (no ring)
MPRegen 0.12/turn               (no ring)

@: no status effects
A: large, unfitting armour, tough skin 1
a: Renounce Religion, Sea of Fire, Foxfire Swarm, Rising Flame


You were on level 5 of the Dungeon.
You worshipped Ignis.
Ignis was extremely pleased with you.
You visited 1 branch of the dungeon, and saw 5 of its levels.

You collected 263 gold pieces.

Inventory:

Hand Weapons
 a - a +0 mace of flaming (weapon)
Armour
 b - a +0 robe (worn)
Jewellery
 n - an amulet of guardian spirit (around neck)
Wands
 m - a wand of acid (3)
Scrolls
 k - 2 scrolls of teleportation
Potions
 c - a potion of mutation {unknown}
 d - 2 potions of haste
 f - 2 potions of curing
 h - a potion of brilliance {unknown}
 j - a potion of lignification {unknown}
 q - a potion of degeneration {unknown}


   Skills:
 + Level 8.2 Fighting
 * Level 7.1 Maces & Flails
 - Level 2.4 Spellcasting
 - Level 2.6 Fire Magic


You had 9 spell levels left.
You knew the following spells:

 Your Spells              Type           Power      Damage    Failure   Level
p - Scorch                Fire           22%        2d6       10%         2

Your spell library contained the following spells:

 Spells                   Type           Power      Damage    Failure   Level


Dungeon Overview and Level Annotations

Branches:
Dungeon (5/15)
 Temple: D:4-7

Altars:
Sif Muna

Shops:
D:1 (!=


Innate Abilities, Weirdness & Mutations

You are too large for most types of armour.
You have tough skin. (AC +1)


Message History

Unknown command.
Unknown command.
Unknown command.
Aiming: Corrosive Bolt
Press: ? - help, Shift-Dir - straight line, f - phantom, p - troll
Aim: a phantom (60% to hit)
The bolt of acid hits the iguana!
You kill the iguana!
The bolt of acid hits the centaur!
You kill the centaur!
The bolt of acid hits the phantom.
The acid corrodes the phantom!
The phantom is moderately damaged.
Your Maces & Flails skill increases to level 7!
Unknown command.
Unknown command.
Unknown command.
Unknown command.
Aiming: Corrosive Bolt
Press: ? - help, Shift-Dir - straight line, f/p - phantom
Aim: a phantom (moderately damaged, covered in acid, 60% to hit)
The bolt of acid hits the troll!
The troll seems to be corroded for longer.
The troll is severely wounded.
The bolt of acid hits the phantom!
The phantom seems to be corroded for longer.
The phantom is severely damaged.
The troll barely misses you. The troll claws you!
* * * LOW MAGIC WARNING * * *
* * * LOW HITPOINT WARNING * * *
The troll barely misses you.
Unknown command.
Aiming: Corrosive Bolt
Press: ? - help, Shift-Dir - straight line, f/p - phantom
Aim: a phantom (severely damaged, covered in acid, 60% to hit)
The bolt of acid hits the troll!
The troll seems to be corroded for longer.
The troll is almost dead.
The bolt of acid misses the phantom.
The troll bites you!
* * * LOW MAGIC WARNING * * *
You die...

#....## #. ##....#
#. ### #....##
..##... ##....#
.#.....
##...######### .†...
#...#.....#...###...
#...#....§..°..##W†#
...##...≈≈.§≈..##T#
..# #...≈≈○≈§...@.#
.# ##..≈≈_≈≈....## #
#..≈≈≈≈≈....#
##.≈≈≈≈≈....#
#.....§...##
##......### ########


You could see a troll (corroded) and a phantom (corroded).

Vanquished Creatures
  A wyvern (D:5)
  Menkaure (D:5)
  A black bear (D:4)
  An ogre (D:4)
  A centaur (D:5)
  2 scorpions
  A hound (D:4)
  Terence (D:2)
  3 iguanas
  2 hound skeletons
  9 adders
  3 gnolls (D:3)
  An ufetubus (D:4)
  4 worms
  2 dart slugs
  An orc (D:4)
  4 endoplasms
  2 giant cockroaches
  8 goblins
  5 hobgoblins
  8 kobolds
  5 quokkas
  3 ball pythons
  8 bats
  6 frilled lizards
  5 rats
88 creatures vanquished.

Notes
Turn   | Place    | Note
-------+----------+-------------------------------------------
     0 | D:1      | lunkers the Ogre Cinder Acolyte began the quest for the
                  | Orb.
     0 | D:1      | Reached XP level 1. HP: 24/24 MP: 2/2
    76 | D:1      | Found Duot's Weapon Shoppe.
    81 | D:1      | Reached XP level 2. HP: 22/32 MP: 3/3
   329 | D:1      | Found Edwisot's Jewellery Boutique.
   456 | D:1      | Found Ygurouh's Distillery.
   622 | D:1      | Learned a level 2 spell: Scorch
   970 | D:1      | Reached XP level 3. HP: 40/40 MP: 1/4
  1423 | D:2      | Reached XP level 4. HP: 46/49 MP: 1/5
  1561 | D:2      | Noticed Terence
  1609 | D:2      | Killed Terence
  1610 | D:2      | Reached skill level 5 in Fighting
  1760 | D:2      | Found a faded altar of an unknown god.
  2227 | D:3      | Reached XP level 5. HP: 44/57 MP: 4/7
  3249 | D:3      | Reached skill level 6 in Fighting
  3249 | D:3      | Reached XP level 6. HP: 67/67 MP: 2/9
  3397 | D:4      | Noticed a black bear
  3474 | D:4      | Killed a black bear
  3475 | D:4      | Reached skill level 5 in Maces & Flails
  3911 | D:4      | Reached XP level 7. HP: 37/76 MP: 0/10
  4127 | D:4      | Reached skill level 7 in Fighting
  5062 | D:5      | Entered Level 5 of the Dungeon
  5212 | D:5      | Found a shimmering blue altar of Sif Muna.
  5226 | D:5      | Noticed Menkaure
  5232 | D:5      | Killed Menkaure
  5311 | D:5      | Noticed a wyvern
  5313 | D:5      | Noticed a troll
  5318 | D:5      | Killed a wyvern
  5319 | D:5      | Reached skill level 8 in Fighting
  5319 | D:5      | Reached XP level 8. HP: 17/88 MP: 1/11
  5322 | D:5      | Mangled by a troll

Illustrated notes

Levels and vault maps discovered:
D:1:      wander_arrival_fairy_ring, layout_basic, serial_shops, shop,
          nicolae_shop_bloodbath_and_beyond, nicolae_shop_statue_plus,
          minivault_14, minmay_crystal_water
D:2:      layout_rooms, chequers_ecumenical_altar_island, uniq_terence
D:3:      layout_basic
D:4:      layout_cave_pods
D:5:      layout_layer_cave, nicolae_sif_muna_condensation, minmay_manual_moon,
          uniq_menkaure

Skill      XL: |  1  2  3  4  5  6  7  8 |
---------------+-------------------------+-----
Maces & Flails | 3 4 5 6 7 |  7.1
Fighting       | 5 6 8 |  8.2
Spellcasting   | 2 |  2.4
Fire Magic     | |  2.6

Action                   |  1- 3 |  4- 6 |  7- 9 || total
-------------------------+-------+-------+-------++-------
Melee: Mace              |    63 |    80 |    35 ||   178
 Cast: Scorch            |     7 |    51 |    18 ||    76
Evoke: Wand              |       |       |     7 ||     7
  Use: Scroll            |       |       |     9 ||     9
Armor: Robe              |    28 |    37 |    22 ||    87
Dodge: Dodged            |    46 |    42 |    28 ||   116

Table legend: (Time is in decaauts)
 A = Elapsed time spent in this place.
 B = Non-inter-level travel time spent in this place.
 C = Inter-level travel time spent in this place.
 D = Time resting spent in this place.
 E = Time spent auto-exploring this place.
 F = Levels seen in this place.
 G = Mean time per level.
                   A        B        C        D        E       F      G
               +--------+--------+--------+--------+--------+-----+--------+
         Total |   5367 |   5198 |    169 |     55 |   4454 |   5 | 1073.4 |
       Dungeon |   5367 |   5198 |    169 |     55 |   4454 |   5 | 1073.4 |
               +--------+--------+--------+--------+--------+-----+--------+

Top non-repeatable levels by time:
     D:4: 1626 daAuts
     D:1: 1249 daAuts
     D:3: 1247 daAuts
     D:2: 982 daAuts
     D:5: 261 daAuts
